 Dungeon Crawl Stone Soup version 0.19.1-1-g22dce08 (webtiles) character file.

146 Kiturien the Sneak (level 5, 0/35 HPs)
             Began as an Octopode Transmuter on Jan 13, 2017.
             Slain by a gnoll
             ... wielding a +0 whip
              (8 damage)
             ... on level 3 of the Dungeon.
             The game lasted 00:18:49 (3096 turns).

Kiturien the Sneak (Octopode Transmuter)            Turns: 3096, Time: 00:18:50

Health: 0/35       AC:  1    Str: 10    XL:     5   Next: 28%
Magic:  8/8        EV: 13    Int: 16    God:
Gold:   97         SH:  0    Dex: 12    Spells: 1 memorised, 8 levels left

rFire  . . .     SeeInvis .     e - +0 dagger (venom)
rCold  . . .     Gourm    .     (no shield)
rNeg   . . .     Faith    .     (helmet restricted)
rPois  .         Spirit   .     (no amulet)
rElec  .         Reflect  .     l - ring of wizardry
rCorr  .         Harm     .     (no ring)
MR     .....                    (no ring)
Stlth  +++.......               (no ring)
                                (no ring)
                                (no ring)
                                (no ring)
                                (no ring)

@: no status effects
A: almost no armour, stealthy swim, amphibious, 8 rings, constrict 8, camouflage
1, gelatinous body 1
a: no special abilities


You were on level 3 of the Dungeon.
You were not hungry.

You visited 1 branch of the dungeon, and saw 3 of its levels.

You collected 97 gold pieces.

Inventory:

Hand Weapons
 e - a +0 dagger of venom (weapon)
Missiles
 a - 67 arrows
Jewellery
 l - a ring of wizardry (left tentacle)
Scrolls
 d - 2 scrolls of recharging {unknown}
 f - 4 scrolls of identify {unknown}
 g - a scroll of amnesia {unknown}
 h - a scroll of immolation {unknown}
 i - a scroll of blinking {unknown}
 n - a scroll of teleportation {unknown}
 p - a scroll of random uselessness {unknown}
 u - a scroll of magic mapping {unknown}
 v - a scroll of remove curse {unknown}
Potions
 k - a potion of lignification {unknown}
 m - a potion of might {unknown}
 o - a potion of berserk rage {unknown}
 s - a potion of agility {unknown}
 t - a potion of degeneration {unknown}
Books
 b - a book of Changes

   Spells                             Type                      Level
   a - Beastly Appendage              Transmutation                1
   b - Sticks to Snakes               Transmutation                2
   c - Spider Form                    Transmutation/Poison         3
   d - Ice Form                       Ice/Transmutation            4
   e - Blade Hands                    Transmutation                5
Comestibles
 c - 2 bread rations
 j - 2 meat rations
 q - a slice of pizza
 r - a beef jerky


   Skills:
 * Level 2.4 Fighting
 * Level 1.3 Short Blades
 + Level 2.4 Dodging
 * Level 3.5 Stealth
 - Level 3.0 Unarmed Combat
 + Level 2.5 Spellcasting
 + Level 2.5 Transmutations


You had 8 spell levels left.
You knew the following spells:

 Your Spells              Type           Power        Failure   Level  Hunger
a - Beastly Appendage     Tmut           ##....       4%          1    #......


Dungeon Overview and Level Annotations

Branches:
Dungeon (3/15)

Altars:
Elyvilon
Gozag
Hepliaklqana
Kikubaaqudgha
Qazlal
Yredelemnul


Innate Abilities, Weirdness & Mutations

You cannot wear most types of armour.
You are very stealthy in the water. (Stealth+)
You are amphibious.
You can wear up to eight rings at the same time.
You can use your tentacles to constrict eight enemies at once.
Your skin changes colour to match your surroundings (Stealth+).
Your rubbery body absorbs attacks. (AC +1, EV +1)


Message History

You constrict the gnoll, but do no damage.
The gnoll barely misses you.
You hit the gnoll.
You pierce the gnoll.
You squeeze the gnoll!
You kill the gnoll!
Your transformation is almost over.
The kobold unwields an uncursed dagger.
The kobold wields a blowgun.
The kobold shoots a poisoned needle.
The poisoned needle barely misses you. The gnoll hits you with a whip!
You see here a spear.
You hit the kobold.
You kill the kobold!
The gnoll hits you with a whip.
* * * LOW HITPOINT WARNING * * *
The gnoll completely misses you.
The gnoll throws a throwing net.
The throwing net barely misses you.
There is an open door here.
Your tentacle spike disappears.
There is a stone staircase leading up here.
The gnoll hits you with a whip!
You die...

..##'#. #.###### #.#######
....... ......# #........
.......#####.....# ### #........
......))g..'((...+ ..# #..).....
.......#####g....# #.# #......).
....... #.....# #.# #........
....... #..g..###'###........
....... ####...g.#....##........
##.............@##....#.........
###'##########.##..............
.. #.##.......#######
#.##.......# # ########
#.##.......####### ⌠⌠⌠⌠⌠⌠⌠##
#.###......#...... ⌠⌠⌠⌠⌠⌠⌠⌠##
#.# #......'...... ⌠⌠⌠⌠⌠⌠⌠⌠⌠##
#.# #......#.####. ⌠⌠⌠⌠⌠⌠⌠⌠⌠⌠##
#.###)..........#.


You could see 3 gnolls.

Vanquished Creatures
  5 adders
  A gnoll (D:3)
  3 oozes (D:2)
  2 dart slugs (D:2)
  A worm (D:2)
  A leopard gecko (D:3)
  A ball python (D:3)
  4 bats
  6 giant cockroaches
  10 hobgoblins
  8 jackals
  3 frilled lizards
  8 goblins
  8 kobolds
  7 rats
68 creatures vanquished.

Vanquished Creatures (others)
  A quokka (D:3)
1 creature vanquished.

Grand Total: 69 creatures vanquished

Notes
Turn   | Place    | Note
-------+----------+-------------------------------------------
     0 | D:1      | Kiturien the Octopode Transmuter began the quest for the Orb.
     0 | D:1      | Reached XP level 1. HP: 13/13 MP: 3/3
   442 | D:1      | Reached XP level 2. HP: 10/18 MP: 5/5
   618 | D:1      | Reached skill level 1 in Stealth
   999 | D:1      | Reached XP level 3. HP: 23/23 MP: 4/6
  1204 | D:2      | Found a hazy altar of Hepliaklqana.
  1345 | D:2      | Reached skill level 1 in Short Blades
  1824 | D:2      | Found a basalt altar of Yredelemnul.
  2091 | D:2      | Reached XP level 4. HP: 27/29 MP: 7/7
  2112 | D:2      | Found an ancient bone altar of Kikubaaqudgha.
  2209 | D:2      | Found an opulent altar of Gozag.
  2210 | D:2      | Found a stormy altar of Qazlal.
  2532 | D:3      | Found a white marble altar of Elyvilon.
  2730 | D:3      | Reached XP level 5. HP: 31/35 MP: 6/8
  3096 | D:3      | Slain by a gnoll

Skill      XL: |  1  2  3  4 |
---------------+-------------+-----
Stealth        | 1 2 3 |  3.5
Short Blades   | 1 |  1.3
Fighting       | 2 |  2.4
Dodging        | |  2.4
Unarmed Combat | |  3.0
Spellcasting   | |  2.5
Transmutations | |  2.5

Action                   |  1- 3 |  4- 6 || total
-------------------------+-------+-------++-------
Melee: Dagger            |    73 |    63 ||   136
       Unarmed           |    12 |       ||    12
       Tentacles         |    14 |    11 ||    25
       Constrict         |    22 |    21 ||    43
       Kick              |     9 |    11 ||    20
       Punch             |       |     5 ||     5
 Cast: Beastly Appendage |    16 |    17 ||    33
 Stab: Sleeping          |     7 |     6 ||    13
  Eat: Bread ration      |     1 |     1 ||     2
Armor: Skin              |     9 |     6 ||    15
Dodge: Dodged            |    40 |    31 ||    71
